 Dungeon Crawl Stone Soup version 0.28.0-53-g5a82cb258f (webtiles) character file.

Game seed: 8122962242930869012

2 Gabide the Sneak (level 1, -4/19 HPs)
             Began as a Barachi Delver on June 15, 2022.
             Slain by an orc priest
             ... wielding a +0 falchion
              (7 damage)
             ... on level 5 of the Dungeon.
             The game lasted 00:01:16 (161 turns).

Gabide the Sneak (Barachi Delver)                    Turns: 161, Time: 00:01:17

Health: -4/19      AC:  3    Str: 13    XL:     1   Next: 30%
Magic:  1/1        EV: 12    Int: 10    God:
Gold:   0          SH:  0    Dex: 13    Spells: 0/0 levels left

rFire   . . .      SeeInvis .   a - +0 falchion
rCold   . . .      Faith    .   (no shield)
rNeg    . . .      Spirit   .   b - +0 leather armour
rPois   .          Reflect  .   (no helmet)
rElec   .          Harm     .   (no cloak)
rCorr   .          Rampage  .   (no gloves)
Will    .....                   (no boots)
Stlth   ++........              (no amulet)
HPRegen 0.06/turn               (no ring)
MPRegen 0.07/turn               (no ring)

@: attractive, hasted, very quick
A: amphibious, slowness 1, strong legs 1, +LOS
a: Hop


You were on level 5 of the Dungeon.
You visited 1 branch of the dungeon, and saw 1 of its levels.

Inventory:

Hand Weapons
 a - a +0 falchion (weapon)
Missiles
 j - a throwing net
Armour
 b - a +0 leather armour (worn)
Wands
 g - a wand of digging (3)
 i - a wand of paralysis (11)
Scrolls
 c - a scroll of fog
 d - a scroll of magic mapping
 e - a scroll of fear
Potions
 h - a potion of attraction


   Skills:
 + Level 3.6 Fighting
 + Level 2.5 Long Blades
 + Level 2.2 Dodging
 - Level 4.5 Stealth


You couldn't memorise any spells.
You didn't know any spells.
Your spell library was empty.

Dungeon Overview and Level Annotations

Branches:
Dungeon (5/15)
 Temple: D:4-7

Altars:
Sif Muna

Annotations:
D:5 exclusions: black bear, door, quokka, scorpion and 1 more exclusion, Dowan


Innate Abilities, Weirdness & Mutations

You are amphibious.
You cover ground slowly.
You can hop short distances.
You have an extended range of vision and can be seen from far away.


Message History

You kill the orc!
No target in view!
You start resting.
HP restored.
You see here a +0 dagger.
Found a robe.
h - 2 orange potions (gained 1)
A scorpion comes into view.
Press: ? - help, . - travel You can't see that place. [the floor.] Placed new exclusion.
Sorry, I don't know how to get there.
You open the door.
An orc warrior and an orc priest come into view.
Found 11 gold pieces.
The orc priest shouts!
You hear a shout!
An orc comes into view. It is wielding a +0 short sword.
The orc priest moves out of view.
There is an open door here.
An orc comes into view. It is wielding a +0 club.
You feel yourself speed up.
The orc shouts!
The orc priest mumbles some strange prayers to Beogh against you.
Beogh smites you!
Ouch! That really hurt!
It was a potion of attraction.
You feel attractive to monsters. The orc is attracted toward you.
You barely miss the orc priest. The orc hits you with a +0 club.
* * * LOW HITPOINT WARNING * * *
The orc priest misses you.
You hit the orc priest.
The orc priest is lightly wounded.
The orc barely misses you.
You hit the orc priest.
The orc priest is heavily wounded.
The orc priest hits you with a +0 falchion!
You die...

..........#..............#
..........#..............#
..........#.###########..#
..........#.# ##..###
..........#.# #######......
######.#..#.# #............
#. #.ยง#'####............ ..
##...oo..#............ .o
#....@...#........>... #$.
#........#######.....) #.
#........# #.......# o
#........#####.......#
#....................#
##..#.###............#
.####.##.# #............#
.........##.# ######.......#
#s..........########.......#


You could see an orc priest and an orc.

Vanquished Creatures
  An orc (D:5)
1 creature vanquished.

Notes
Turn   | Place    | Note
-------+----------+-------------------------------------------
     0 | D:5      | Gabide the Barachi Delver began the quest for the Orb.
     0 | D:5      | Reached XP level 1. HP: 18/18 MP: 1/1
    21 | D:5      | Noticed a black bear
    28 | D:5      | Found a shimmering blue altar of Sif Muna.
    28 | D:5      | Noticed Dowan
   124 | D:5      | Noticed a scorpion
   147 | D:5      | Noticed an orc warrior
   147 | D:5      | Noticed an orc priest
   161 | D:5      | Slain by an orc priest

Illustrated notes

Levels and vault maps discovered:
D:5:      minmay_spotlight, layout_basic, nzn_overflow_gifts_of_might_and_magic,
          guppyfry_early_orc_mine

Action                   || total
-------------------------++-------
Melee: Falchion          ||     7
  Use: Potion            ||     2
Armor: Leather armour    ||     2
Dodge: Dodged            ||     3
